Construct Section Command Post
Selects British Armored Battlegroup
Construct Field Infirmary
Selects Rigorous Vehicle Training
Construct Platoon Command Post
Unlock M3 Stuart Light Tanks
Selects Crusader AA Medium Tank
Unlock Bishop Self-propelled Artillery
6-pounder Anti-tank Gun Team
6-pounder Anti-tank Gun Team
Selects Churchill IV Heavy Tank
Bishop Self-propelled Artillery
Selects Engineer Detachments
Selects Light Vehicle Withdraw and Refit
6-pounder Anti-tank Gun Team
Bishop Self-propelled Artillery
6-pounder Anti-tank Gun Team